 Dungeon Crawl Stone Soup version 0.32-a0-468-g38b2580584 (webtiles) character file.

Game seed: 8500652821816311680

884 shadowstone the Firebug (level 7, -3/52 HPs)
             Began as a Mountain Dwarf Fire Elementalist on Feb 23, 2024.
             Was an Initiate of Hepliaklqana.
             Slain by a killer bee (4 damage)
             ... on level 8 of the Dungeon on Feb 24, 2024.
             The game lasted 00:20:53 (7347 turns).

shadowstone the Firebug (MDFE)                      Turns: 7347, Time: 00:20:54

Health: -3/52      AC: 15    Str: 12    XL:     7   Next: 76%
Magic:  22/31      EV: 10    Int: 23    God:    Hepliaklqana [......]
Gold:   305        SH:  0    Dex: 10    Spells: 12/15 levels left

rFire   . . .        v - +6 rapier of Mujoatzarghu {freeze, Int+7 SInv Stlth+}
rCold   . . .        (no shield)
rNeg    . . .        f - +0 ring mail
rPois   .            m - +0 helmet
rElec   .            (no cloak)
rCorr   .            k - +3 pair of gloves of the Game Afoot {Will+ MP+9}
SInv    +            (no boots)
Will    +....        (no amulet)
Stlth   ++           d - +4 ring of protection
HPRegen 0.28/turn    t - ring of magical power
MPRegen 0.22/turn

%: no passive effects
@: lethally poisoned (-3 -> -21)
A: runic magic, artefact enchanting
a: Renounce Religion


You were on level 8 of the Dungeon.
You worshipped Hepliaklqana.
Hepliaklqana was noncommittal.
You visited 2 branches of the dungeon, and saw 7 of its levels.

You collected 305 gold pieces.

Inventory:

Hand Weapons
 v - the +6 rapier of Mujoatzarghu (weapon) {freeze, Int+7 SInv Stlth+}
   (You found it on level 4 of the Dungeon)

   Int+7:     It affects your intelligence (+7).
   SInv:      It lets you see invisible.
   Stlth+:    It makes you more stealthy.
Armour
 a - a +0 robe
 e - a +0 chain mail
 f - a +0 ring mail (worn)
 g - a +0 leather armour
 k - the +3 pair of gloves of the Game Afoot (worn) {Will+ MP+9}
   (You found it on level 2 of the Dungeon)

   Will+:     It increases your willpower.
   MP+9:      It affects your magic capacity (+9).
 m - a +0 helmet (worn)
Jewellery
 d - a +4 ring of protection (left hand)
 i - a ring of positive energy
 t - a ring of magical power (right hand)
Scrolls
 h - 2 scrolls of immolation
 n - 3 scrolls of identify
 o - 2 scrolls of teleportation
 q - a scroll of fear
 w - a scroll of revelation
 x - a scroll of amnesia {unknown}
Potions
 b - a potion of magic
 c - a potion of mutation {unknown}
 j - 2 potions of curing {unknown}
 l - a potion of degeneration {unknown}
 p - a potion of enlightenment {unknown}
 r - a potion of ambrosia {unknown}
 s - 2 potions of cancellation {unknown}
 u - a potion of attraction {unknown}
 z - a potion of lignification {unknown}


   Skills:
 + Level 1.3 Fighting
 + Level 1.6 Short Blades
 + Level 3.4 Armour
 + Level 1.8 Dodging
 + Level 1.7 Stealth
 + Level 1.5 Unarmed Combat
 + Level 4.5 Spellcasting
 + Level 1.0 Conjurations
 + Level 6.8 Fire Magic


You had 12 spell levels left.
You knew the following spells:

 Your Spells              Type           Power      Damage    Failure   Level
a - Foxfire               Conj/Fire      92%        2x1d8     2%          1
b - Scorch                Fire           72%        2d8       1%          2

Your spell library contained the following spells:

 Spells                   Type           Power      Damage    Failure   Level
 Magic Dart               Conj           36%        1d4       8%          1
 Inner Flame              Hex/Fire       21%        N/A       9%          3
 Volatile Blastmotes      Fire/Tloc      42%        2d13      9%          3
 Sting                    Conj/Alch      28%        1d4       10%         1
 Apportation              Tloc           10%        N/A       12%         1
 Necrotise                Necr           20%        1d5       12%         1
 Summon Small Mammal      Summ           20%        N/A       12%         1
 Searing Ray              Conj           18%        2d5       12%         2
 Flame Wave               Conj/Fire      23%        2d8       22%         4
 Fulminant Prism          Conj/Alch      3%         3d5       67%         4


Dungeon Overview and Level Annotations

Branches:
Dungeon (8/15)             Temple (1/1) D:7
   Lair: D:8-11

Altars:
Cheibriados
Dithmenos
Fedhas
Gozag
Hepliaklqana
Kikubaaqudgha
Makhleb
Nemelex Xobeh
Qazlal
Sif Muna
Trog
Vehumet
Wu Jian
Xom
Yredelemnul

Shops:
D:7 [

Annotations:
D:7 2 transporters, TheLasagnaBaron's ghost, novice KoMo
D:8 Joseph; Psyche


Innate Abilities, Weirdness & Mutations

Your spellcasting is much less encumbered by armour.
You can use scrolls of enchantment on lesser artefacts.


Message History

You feel very sick.
The killer bee is no longer more vulnerable to fire.
The killer bee stings you.
The killer bee stings you but does no damage. x2
The killer bee stings you. The killer bee barely misses you. x2
The killer bee completely misses you. The killer bee barely misses you.
You are too injured to fight recklessly!
You are too injured to fight recklessly!
You are too injured to fight recklessly!
Unknown command.
You are too injured to fight recklessly!
You are too injured to fight recklessly!
Unknown command.
You are too injured to fight recklessly!
Unknown command.
You hit the killer bee. You freeze the killer bee.
The killer bee is severely wounded.
* * * LOW HITPOINT WARNING * * *
You feel very sick.
The killer bee is no longer more vulnerable to fire.
The killer bee closely misses you. The killer bee completely misses you.
The killer bee stings you.
* * * LOW HITPOINT WARNING * * *
You are more poisoned.
The killer bee poisons you!
The killer bee stings you but does no damage.
The killer bee barely misses you.
Psyche casts a spell.
A swirling arc of seething chaos appears!
The arc of chaos hits Joseph.
Joseph seems to slow down.
The arc of chaos hits the killer bee.
The arc of chaos hits you! You resist with almost no effort.
The killer bee stings you but does no damage. x3
You hit the killer bee. You freeze the killer bee.
You kill the killer bee!
* * * LOW HITPOINT WARNING * * *
You feel extremely sick. The killer bee closely misses you.
The killer bee stings you.
You die...
Hepliaklqana delivers you to your ancestors.

....... >...
....... ###....
....... ....@..
..$.... .....#
....... .....#
.......##)....#
#...?...yy@...#
....)..y@.....#
.........†..#[#
.....>...#.##
.......###...
....... ###
....... ......$
.......


You could see Joseph (slow), Psyche and 3 killer bees.

Vanquished Creatures
  A water moccasin (D:7)
  A black bear (D:7)
  2 bullfrogs (D:7)
  2 killer bees (D:8)
  3 howler monkeys (D:7)
  A hound (D:4)
  2 jellies
  A bombardier beetle (D:3)
  An orc priest (D:3)
  2 sleepcaps (D:7)
  A gnoll bouda (D:7)
  4 gnolls (D:7)
  7 adders
  2 ribbon worms
  4 orcs (D:3)
  2 bats (D:1)
  4 endoplasms
  7 giant cockroaches
  9 hobgoblins
  7 quokkas
  4 ball pythons
  2 frilled lizards
  4 goblins
  7 kobolds
  10 rats
  A spectral hobgoblin (D:7)
91 creatures vanquished.

Vanquished Creatures (others)
  An arcanist (D:4)
  22 foxfires (D:1)
23 creatures vanquished.

Grand Total: 114 creatures vanquished

Notes
Turn   | Place    | Note
-------+----------+-------------------------------------------
     0 | D:1      | shadowstone the Mountain Dwarf Fire Elementalist began the
                  | quest for the Orb.
     0 | D:1      | Reached XP level 1. HP: 14/14 MP: 3/3
   184 | D:1      | Reached skill level 4 in Fire Magic
   654 | D:1      | Found a faded altar of an unknown god.
   718 | D:1      | Reached XP level 2. HP: 4/20 MP: 4/4
  1378 | D:1      | Learned a level 2 spell: Scorch
  2579 | D:2      | Reached skill level 1 in Conjurations
  2799 | D:2      | Reached XP level 3. HP: 21/26 MP: 1/5
  2941 | D:2      | Reached skill level 1 in Armour
  2945 | D:2      | Identified the +3 pair of gloves of the Game Afoot {Will+
                  | MP+9}
  3699 | D:3      | Reached skill level 5 in Fire Magic
  3699 | D:3      | Reached XP level 4. HP: 33/33 MP: 7/7
  3862 | D:3      | Found an ornate altar of the Wu Jian Council.
  4145 | D:3      | Found a basalt altar of Yredelemnul.
  4496 | D:3      | Found a snail-covered altar of Cheibriados.
  4502 | D:3      | Reached XP level 5. HP: 27/38 MP: 9/9
  5011 | D:3      | Reached skill level 1 in Unarmed Combat
  5518 | D:4      | Found a shadowy altar of Dithmenos.
  5523 | D:4      | Found a bloodstained altar of Trog.
  5527 | D:4      | Noticed a wizard
  5529 | D:4      | Killed a wizard
  5909 | D:4      | Identified the +6 rapier of Mujoatzarghu {freeze, Int+7
                  | SInv Stlth+}
  5960 | D:4      | You fall into a shaft and drop 3 floors!
  5979 | D:7      | Reached XP level 6. HP: 44/45 MP: 11/11
  5993 | D:7      | Noticed a water moccasin
  6007 | D:7      | Killed a water moccasin
  6008 | D:7      | Reached skill level 6 in Fire Magic
  6102 | D:7      | Reached XP level 7. HP: 42/51 MP: 13/13
  6382 | D:7      | Upgraded the game from 0.32-a0-450-g080537f31e to
                  | 0.32-a0-468-g38b2580584
  6595 | D:7      | Noticed TheLasagnaBaron's ghost (novice KoMo)
  6598 | D:7      | Found a bloodstained altar of Trog.
  6601 | D:7      | Found a transporter.
  6602 | D:7      | Noticed a moth of wrath
  6647 | D:7      | Reached skill level 1 in Fighting
  6647 | D:7      | Reached skill level 1 in Short Blades
  6658 | D:7      | Found a transporter.
  6717 | D:7      | Found a staircase to the Ecumenical Temple.
  6776 | D:7      | Found Voso's Armour Emporium.
  6899 | D:7      | Found a hazy altar of Hepliaklqana.
  6918 | D:7      | Became a worshipper of Hepliaklqana the Forgotten
  7255 | Temple   | Entered the Ecumenical Temple
  7340 | D:8      | Noticed Joseph
  7344 | D:8      | Noticed Psyche
  7347 | D:8      | HP: 1/52 [poisoned by a killer bee]
  7347 | D:8      | Slain by a killer bee

Illustrated notes

Levels and vault maps discovered:
D:1:      minmay_arrival_up_and_down, layout_basic,
          nicolae_ecumenical_lake_church, minivault_14, minmay_tetromino_o2
D:2:      kennysheep_six_static_rooms, layout_loops_cross, minmay_tiny_reverse_x
D:3:      layout_basic, chei_slow_surprise, mainiacjoe_overflow_24_doors,
          mainiacjoe_overflow_six_doors_small, gup_sewer_entry_bubbles
D:4:      layout_loops_ring, lemuel_tele_altar, trog_wizard,
          minmay_misc_feat_plants
D:7:      layout_basic, nicolae_hepliaklqana_monster_ancestors, temple_doors_cd,
          gammafunk_ghost_wrathful_warriors, serial_shops, shop,
          chequers_serial_rivers_micro_a
D:8:      wander_kiku_kobolds, layout_cave_pools, ashenzari_altar_1,
          minmay_lair_entry_grove, uniq_joseph, uniq_psyche
Temple:   jpeg_temple_island

Skill      XL: |  1  2  3  4  5  6  7 |
---------------+----------------------+-----
Fire Magic     | 4 5 6 |  6.8
Conjurations   | 1 |  1.0
Armour         | 1 2 3 |  3.4
Spellcasting   | 2 3 4 |  4.5
Unarmed Combat | 1 |  1.5
Fighting       | 1 |  1.3
Short Blades   | 1 |  1.6
Dodging        | |  1.8
Stealth        | |  1.7

Action                     |  1- 3 |  4- 6 |  7- 9 || total
---------------------------+-------+-------+-------++-------
  Melee: Unarmed           |    87 |    58 |       ||   145
         Punch             |     1 |     1 |       ||     2
         Rapier            |       |    18 |    23 ||    41
   Cast: Foxfire           |    17 |       |       ||    17
         Scorch            |    25 |    57 |    11 ||    93
    Use: Scroll            |     5 |       |     2 ||     7
 Armour: Robe              |    18 |       |       ||    18
         Ring mail         |    45 |    88 |    41 ||   174
  Dodge: Dodged            |    68 |    68 |    29 ||   165

Table legend: (Time is in decaauts)
 A = Elapsed time spent in this place.
 B = Non-inter-level travel time spent in this place.
 C = Inter-level travel time spent in this place.
 D = Time resting spent in this place.
 E = Time spent auto-exploring this place.
 F = Levels seen in this place.
 G = Mean time per level.
                   A        B        C        D        E       F      G
               +--------+--------+--------+--------+--------+-----+--------+
         Total |   7382 |   7010 |    372 |   2909 |   2480 |   7 | 1054.6 |
       Dungeon |   7368 |   6996 |    372 |   2909 |   2480 |   6 | 1228.0 |
        Temple |     13 |     13 |      0 |      0 |      0 |   1 |   13.0 |
               +--------+--------+--------+--------+--------+-----+--------+

Top non-repeatable levels by time:
     D:1: 2032 daAuts
     D:3: 1794 daAuts
     D:2: 1659 daAuts
     D:7: 1372 daAuts
     D:4: 502 daAuts
  Temple: 13 daAuts
     D:8: 7 daAuts
